 Dungeon Crawl Stone Soup version 0.27.1-33-g824d729ab1 (webtiles) character file.

Game seed: 14253621693046854550

2919 demibob the Grappler (level 9, -1/88 HPs)
             Began as a Troll Chaos Knight on Nov 26, 2021.
             Was a Plaything of Xom.
             Slain by an unseen horror (8 damage)
             ... on level 7 of the Dungeon.
             The game lasted 00:14:17 (4575 turns).

demibob the Grappler (Troll Chaos Knight)           Turns: 4575, Time: 00:14:19

Health: -1/88      AC:  6    Str: 22    XL:     9   Next: 50%
Magic:  8/8        EV: 10    Int:  8    God:    Xom [..*...]
Gold:   2402       SH:  0    Dex: 12    Spells: 8/8 levels left

rFire    . . .     SeeInvis .     - Unarmed
rCold    + . .     Faith    .   (no shield)
rNeg     . . .     Spirit   .   a - +2 robe
rPois    .         Reflect  .   (helmet restricted)
rElec    .         Harm     .   (no cloak)
rCorr    .         Rampage  .   (gloves unavailable)
Will     .....                  (boots unavailable)
Stlth    +.........             n - amulet of magic regeneration
HPRegen  1.24/turn              (no ring)
MPRegen  0.36/turn              (no ring)

@: no status effects
A: large, unfitting armour, claws 3, regeneration 1, shaggy fur 1, tough skin 1,
cold resistance 1, robust 1, MP-powered wands
a: Renounce Religion


You were on level 7 of the Dungeon.
You worshipped Xom.
You were a toy of Xom.
You visited 1 branch of the dungeon, and saw 7 of its levels.
You also visited: Ossuary.

You collected 2923 gold pieces.
You spent 521 gold pieces at shops.


Innate Abilities, Weirdness & Mutations

You are too large for most types of armour.
You have claws for hands.
Your natural rate of healing is unusually fast.
You are covered in fur. (AC +1)
You have tough skin. (AC +1)
Your flesh is cold resistant. (rC+)
You are robust. (+10% HP)
You expend magic power (3 MP) to strengthen your wands.


   Skills:
 - Level 2.4 Fighting
 + Level 7.0 Throwing
 - Level 1.9 Dodging
 + Level 11.0 Unarmed Combat


You had 8 spell levels left.
You didn't know any spells.
Your spell library contained the following spells:

 Spells                   Type           Power      Damage    Failure   Level
 Conjure Flame            Conj/Fire      0%         6-21      78%         3
 Ignite Poison            Fire/Tmut/Pois 0%         N/A       78%         3
 Sticky Flame             Conj/Fire      0%         2d3       99%         4

Inventory:

Missiles
 m - 32 poisoned darts (quivered)
 q - 3 atropa-tipped darts
Armour
 a - a +2 robe (worn)
 g - a +0 robe of willpower
Jewellery
 n - an amulet of magic regeneration (around neck)
Wands
 d - a wand of polymorph (8)
 e - a wand of iceblast (16)
 j - a wand of paralysis (11)
 k - a wand of acid (7)
 s - a wand of digging (5)
Scrolls
 c - 2 scrolls of identify {@r1}
 l - 2 scrolls of immolation
 o - a scroll of fear
 p - a scroll of enchant armour
Potions
 b - 2 potions of curing {@q1}
 f - a potion of brilliance
 h - 6 potions of lignification
 i - a potion of might
 r - a potion of cancellation
 t - a potion of haste {@q3}

Dungeon Overview and Level Annotations

Branches:
Dungeon (7/15)             Temple (0/1) D:4         Ossuary (visited)

Altars:
Ashenzari
Cheibriados
Dithmenos
Hepliaklqana
Okawaru
Ru
Sif Muna
Xom
Zin

Shops:
D:2 (   D:4 *   D:7 [

Annotations:
D:6 2 runed translucent doors, 2 transporters, TheCrusader's ghost, novice OpBr

#####(.. #.......
#....... #.......
#..... ####...
#....#+##
#...@+..#
#....#..#
#....#..# #....#
#....#..###....#
#....#...#.....#
###+##...#.....#
#'####....#
##...##....#
#.....#....###+##


There were no monsters in sight!


Message History

You closely miss something. Something hits you.
* * * LOW HITPOINT WARNING * * *
You close the door.
Something hits you.
* * * LOW HITPOINT WARNING * * *
You start resting.
Something hits you but does no damage. Something hits you.
* * * LOW HITPOINT WARNING * * *
Something hits you but does no damage.
You closely miss something. Something hits you.
* * * LOW HITPOINT WARNING * * *
Okay, then.
You can't see any enemies this would affect, really read the scroll of fear?
As you read the scroll of fear, it crumbles to dust.
You assume a fearsome visage.
There are no items here.
There are no items here.
As you open the door, it creaks loudly!
There is an open door, spattered with blood here.
Something hits you.
* * * LOW HITPOINT WARNING * * *
Something hits you.
* * * LOW HITPOINT WARNING * * *
There's nothing to close nearby.
Something hits you.
* * * LOW HITPOINT WARNING * * *
As you close the door, it creaks loudly!
Something hits you!
* * * LOW HITPOINT WARNING * * *
Something hits you!
You die... "I guess I need a new plaything now."

Skill      XL: |  1  2  3  4  5  6  7  8  9 |
---------------+----------------------------+-----
Unarmed Combat | 4 6 8 10 11 | 11.0
Throwing       | 1 3 6 7 |  7.0
Fighting       | |  2.4
Dodging        | |  1.9

Action                   |  1- 3 |  4- 6 |  7- 9 || total
-------------------------+-------+-------+-------++-------
Melee: Unarmed           |    67 |   209 |   280 ||   556
       Punch             |       |     3 |     9 ||    12
Throw: Dart              |       |       |     2 ||     2
  Use: Scroll            |     3 |     6 |     7 ||    16
       Potion            |     3 |     2 |     3 ||     8
 Stab: Confused          |       |     1 |     2 ||     3
       Sleeping          |       |       |     1 ||     1
Armor: Robe              |    15 |    91 |    93 ||   199
Dodge: Dodged            |    19 |   109 |   118 ||   246

Levels and vault maps discovered:
D:1:      grunt_arrival_lava_bath, layout_rooms,
          dreamdust_ecumenical_altar_angels_and_demons
D:2:      layout_basic, basic_altar, serial_forest,
          infiniplex_forest_clump_long, infiniplex_forest_clump_double,
          infiniplex_forest_straight_3, infiniplex_forest_end_double,
          serial_shops, nicolae_shop_trees, nrook_campfire,
          minmay_large_rounded_square, kennysheep_generic_room_2
D:3:      layout_loops_ring, serial_park_tiny_pond, small_statue_intersection,
          uniq_robin
D:4:      layout_rooms, chequers_temple_overflow_statue_of_worship,
          minmay_temple_entry_slanted, serial_shops, nicolae_lakefront_shop,
          kennysheep_crisscross
D:5:      layout_loops_cross, zin_academy, nicolae_dithmenos_the_darkroom,
          nicolae_ru_the_path_less_chosen, minivault_4, saegor_snake_ambush
D:6:      gammafunk_wand_slinger, layout_basic, amcnicky_altar_gilded,
          okawaru_ov_weapons_minmay, ebering_ghost_sewer_f, enter_ossuary_2,
          uniq_pikel
D:7:      layout_gridville, serial_shops, shop

Notes
Turn   | Place    | Note
-------+----------+-------------------------------------------
     0 | D:1      | demibob the Troll Chaos Knight began the quest for the Orb.
     0 | D:1      | Reached XP level 1. HP: 22/22 MP: 0/0
   114 | D:1      | Reached XP level 2. HP: 29/29 MP: 1/1
   261 | D:1      | Found a faded altar of an unknown god.
   480 | D:2      | Reached skill level 4 in Unarmed Combat
   563 | D:2      | Reached XP level 3. HP: 36/36 MP: 2/2
   564 | D:2      | XOM: chaos upgrade
   580 | D:2      | XOM: butterfly on damage
   591 | D:2      | XOM: blink monster(s)
   592 | D:2      | XOM: smoke on damage
   593 | D:2      | Reached XP level 4. HP: 26/44 MP: 3/3
   597 | D:2      | Reached skill level 5 in Unarmed Combat
   659 | D:2      | XOM: 3-stop teleportation journey
   763 | D:2      | Found a shadowy altar of Dithmenos.
   974 | D:2      | XOM: noise
   994 | D:2      | Found Xuss's Antique Weapon Emporium.
  1022 | D:2      | XOM: scenery: 1 doors close
  1322 | D:3      | Reached skill level 6 in Unarmed Combat
  1322 | D:3      | Reached XP level 5. HP: 42/50 MP: 4/4
  1347 | D:3      | XOM: 1-stop teleportation journey
  1349 | D:3      | XOM: scenery: create altars
  1588 | D:3      | Noticed Robin
  1592 | D:3      | XOM: summons 3 hostile demons
  1599 | D:3      | Identified a scroll of acquirement
  1599 | D:3      | Acquired 817 gold pieces
  1601 | D:3      | Gained mutation: You are agile. (Dex +2) [potion of
                  | mutation]
  1601 | D:3      | Gained mutation: Your flesh is cold resistant. (rC+)
                  | [potion of mutation]
  1601 | D:3      | Lost mutation: You are agile. (Dex +2) [potion of mutation]
  1601 | D:3      | Gained mutation: You expend magic power (3 MP) to
                  | strengthen your wands. [potion of mutation]
  1652 | D:3      | Reached XP level 6. HP: 31/59 MP: 5/5
  1655 | D:3      | Killed Robin
  1701 | D:3      | XOM: 5-stop teleportation journey
  1781 | D:3      | XOM: noise
  1996 | D:4      | Found a staircase to the Ecumenical Temple.
  2004 | D:4      | XOM: swap monsters
  2007 | D:4      | XOM: enchant monster (bad)
  2046 | D:4      | Reached skill level 7 in Unarmed Combat
  2118 | D:4      | Identified the +3 ring mail of Subjectivity {rElec rF++
                  | Will- Int-3}
  2131 | D:4      | XOM: swap monsters
  2149 | D:4      | Found Jutzoh's General Store.
  2160 | D:4      | Bought 2 potions of might for 80 gold pieces
  2160 | D:4      | Bought a wand of paralysis (11) for 130 gold pieces
  2160 | D:4      | Bought a wand of acid (7) for 220 gold pieces
  2160 | D:4      | Bought a scroll of immolation for 35 gold pieces
  2160 | D:4      | Bought a scroll of identify for 20 gold pieces
  2160 | D:4      | Bought 9 poisoned darts for 36 gold pieces
  2183 | D:4      | Found a broken altar of Ashenzari.
  2218 | D:4      | Found a shimmering altar of Xom.
  2218 | D:4      | Found a snail-covered altar of Cheibriados.
  2219 | D:4      | Found a shimmering blue altar of Sif Muna.
  2231 | D:4      | Reached skill level 1 in Throwing
  2231 | D:4      | Reached skill level 8 in Unarmed Combat
  2231 | D:4      | Reached XP level 7. HP: 66/66 MP: 6/6
  2275 | D:4      | Reached skill level 2 in Throwing
  2562 | D:5      | Entered Level 5 of the Dungeon
  2695 | D:5      | Found a glowing silver altar of Zin.
  2771 | D:5      | XOM: swap monsters
  2914 | D:5      | XOM: torment (34/66 hp)
  2989 | D:5      | Reached skill level 3 in Throwing
  3095 | D:5      | Found a shadowy altar of Dithmenos.
  3107 | D:5      | Reached XP level 8. HP: 69/74 MP: 7/7
  3110 | D:5      | XOM: give mutations
  3110 | D:5      | Gained mutation: You are robust. (+10% HP) [Xom's mischief]
  3118 | D:5      | Reached skill level 9 in Unarmed Combat
  3248 | D:5      | XOM: draining
  3253 | D:5      | Reached skill level 4 in Throwing
  3255 | D:5      | XOM: silly message
  3380 | D:5      | XOM: silly message
  3405 | D:5      | Found a sacrificial altar of Ru.
  3562 | D:6      | Reached skill level 5 in Throwing
  3575 | D:6      | Found a sand-covered staircase.
  3580 | Ossuary  | Entered an ossuary
  3677 | Ossuary  | XOM: cast spell 'Cause Fear'
  3719 | Ossuary  | Identified the +1 robe of the Beginning {Int+3}
  3768 | Ossuary  | Reached skill level 10 in Unarmed Combat
  3782 | Ossuary  | XOM: divination: detect items
  3800 | Ossuary  | Acquired 945 gold pieces
  3802 | Ossuary  | Acquired 789 gold pieces
  3839 | D:6      | Found a hazy altar of Hepliaklqana.
  3891 | D:6      | Noticed Pikel
  3901 | D:6      | XOM: potion effect (haste)
  3904 | D:6      | XOM: smoke on damage
  3910 | D:6      | Killed Pikel
  3911 | D:6      | Reached skill level 6 in Throwing
  3911 | D:6      | Reached XP level 9. HP: 51/88 MP: 8/8
  3992 | D:6      | Found a runed translucent door.
  4030 | D:6      | Found a transporter.
  4037 | D:6      | Noticed a kobold demonologist
  4044 | D:6      | Found a runed translucent door.
  4046 | D:6      | Noticed TheCrusader's ghost (novice OpBr)
  4112 | D:6      | Found an iron altar of Okawaru.
  4113 | D:6      | Found a transporter.
  4114 | D:6      | Noticed a kobold demonologist
  4202 | D:6      | XOM: potion effect (heal wounds)
  4203 | D:6      | XOM: silly message
  4387 | D:6      | XOM: silly message
  4396 | D:6      | You fall into a shaft and drop 1 floor!
  4406 | D:7      | Reached skill level 7 in Throwing
  4459 | D:7      | Found Ginun's Antique Armour Boutique.
  4464 | D:7      | XOM: silly message
  4470 | D:7      | Reached skill level 11 in Unarmed Combat
  4575 | D:7      | HP: 7/88 [something (9)]
  4575 | D:7      | Slain by an unseen horror

Vanquished Creatures
  Pikel (D:6)
  A wyvern (D:7)
  A black bear (D:6)
  An ice beast (D:6)
  A sky beast (D:6)
  2 necrophages (D:4)
  3 centaurs
  5 ogres
  A lemure (D:6)
  2 elf zombies (Ossuary)
  A bullfrog (D:5)
  A wyvern zombie (D:5)
  4 centaur zombies
  2 bullfrog zombies
  A human zombie (Ossuary)
  A hound (D:5)
  3 jellies
  4 orc priests
  A bullfrog skeleton (D:5)
  2 iguanas (D:5)
  An orc wizard (D:7)
  2 killer bee zombies (D:6)
  A hound zombie (D:5)
  2 mummies (Ossuary)
  Robin (D:3)
  4 gnolls (D:2)
  5 adders
  2 white imps
  An adder skeleton (D:4)
  3 worms
  3 dart slugs
  27 orcs
  6 bats
  8 endoplasms
  7 giant cockroaches
  15 goblins
  9 hobgoblins
  2 jackals (D:5)
  8 kobolds
  2 quokkas
  11 ball pythons
  3 frilled lizards (D:1)
  10 hobgoblin zombies (Ossuary)
  2 jackal zombies (Ossuary)
  13 kobold zombies (Ossuary)
  5 orc zombies (Ossuary)
  3 rats
  A rat zombie (Ossuary)
195 creatures vanquished.

Vanquished Creatures (others)
  14 plants
14 creatures vanquished.

Grand Total: 209 creatures vanquished

Table legend: (Time is in decaauts)
 A = Elapsed time spent in this place.
 B = Non-inter-level travel time spent in this place.
 C = Inter-level travel time spent in this place.
 D = Time resting spent in this place.
 E = Time spent auto-exploring this place.
 F = Levels seen in this place.
 G = Mean time per level.
                   A        B        C        D        E       F      G
               +--------+--------+--------+--------+--------+-----+--------+
         Total |   4477 |   4351 |    126 |     46 |   3147 |   8 |  559.6 |
       Dungeon |   4244 |   4118 |    126 |     46 |   3052 |   7 |  606.3 |
       Ossuary |    233 |    233 |      0 |      0 |     95 |   1 |  233.0 |
               +--------+--------+--------+--------+--------+-----+--------+

Top non-repeatable levels by time:
     D:5: 923 daAuts
     D:3: 759 daAuts
     D:2: 724 daAuts
     D:6: 633 daAuts
     D:4: 558 daAuts
     D:1: 470 daAuts
 Ossuary: 233 daAuts
     D:7: 174 daAuts

Table legend:
 A = Non-vault XP
 B = Vault XP
 C = Vault XP percentage of total XP
 D = Non-vault monster count
 E = Vault monster count
 F = Vault count percentage of total count
                 A         B        C        D         E       F
            +---------+---------+-------+---------+---------+-------
      Total |    3015 |    1156 |  27.7 |     139 |      55 |  28.4
            +---------+---------+-------+---------+---------+-------
        D:1 |      22 |       0 |   0.0 |      13 |       0 |   0.0
        D:2 |     139 |       4 |   2.8 |      27 |       2 |   6.9
        D:3 |     200 |      32 |  13.8 |      26 |      10 |  27.8
        D:4 |     581 |       0 |   0.0 |      22 |       0 |   0.0
        D:5 |    1063 |       5 |   0.5 |      20 |       3 |  13.0
        D:6 |     742 |     663 |  47.2 |      25 |       1 |   3.8
        D:7 |     268 |       0 |   0.0 |       6 |       0 |   0.0
    Ossuary |       0 |     452 | 100.0 |       0 |      39 | 100.0
            +---------+---------+-------+---------+---------+-------
